 Dungeon Crawl Stone Soup version 0.29-a0-830-gcb1280458a (webtiles) character file.

Game seed: 4314148515580187416

1003 inmateoo the Covert (level 8, -1/63 (67) HPs)
             Began as a Gnoll Delver on July 11, 2022.
             Succumbed to a water moccasin's poison
             ... on level 5 of the Dungeon.
             The game lasted 00:07:11 (6490 turns).

inmateoo the Covert (Gnoll Delver)                  Turns: 6490, Time: 00:07:11

HP:   -1/63 (67)    AC:  6    Str: 11    XL:     8   Next: 20%
MP:   12/12         EV: 14    Int: 11    God:
Gold: 333           SH:  0    Dex: 15    Spells: 12/13 levels left

rFire   . . .      SeeInvis .     - Unarmed
rCold   . . .      Faith    .   (no shield)
rNeg    . . .      Spirit   .   a - +1 leather armour
rPois   .          Reflect  .   j - +0 helmet
rElec   .          Harm     .   (no cloak)
rCorr   .          Rampage  .   (no gloves)
Will    .....                   m - +0 pair of boots
Stlth   ++++......              (no amulet)
HPRegen 0.20/turn               (no ring)
MPRegen 0.13/turn               (no ring)

@: lethally poisoned (-1 -> -13), drained
A: fangs 1, strong nose, distributed training
a: no special abilities


You were on level 5 of the Dungeon.
You visited 1 branch of the dungeon, and saw 6 of its levels.

You collected 333 gold pieces.

Inventory:

Missiles
 e - 5 boomerangs (quivered)
Armour
 a - a +1 leather armour (worn)
 j - a +0 helmet (worn)
 m - a +0 pair of boots (worn)
Wands
 f - a wand of digging (3)
Scrolls
 b - a scroll of fog
 c - a scroll of enchant weapon
 d - 2 scrolls of fear
 g - a scroll of teleportation
 i - 3 scrolls of vulnerability
Potions
 n - 3 potions of flight
 p - a potion of attraction


   Skills:
 + Level 7.3 Fighting
 + Level 3.2 Short Blades
 + Level 3.2 Long Blades
 + Level 3.2 Axes
 + Level 3.2 Maces & Flails
 + Level 3.2 Polearms
 + Level 3.2 Staves
 + Level 3.2 Ranged Weapons
 + Level 3.2 Throwing
 + Level 3.2 Armour
 + Level 5.6 Dodging
 + Level 10.1 Stealth
 + Level 3.2 Shields
 + Level 5.6 Unarmed Combat
 + Level 3.2 Spellcasting
 + Level 2.6 Conjurations
 + Level 2.6 Hexes
 + Level 2.6 Summonings
 + Level 2.6 Necromancy
 + Level 2.6 Translocations
 + Level 2.6 Transmutations
 + Level 2.6 Fire Magic
 + Level 2.6 Ice Magic
 + Level 2.6 Air Magic
 + Level 2.6 Earth Magic
 + Level 2.6 Poison Magic
 + Level 3.5 Invocations
 + Level 3.2 Evocations


You had 12 spell levels left.
You knew the following spells:

 Your Spells              Type           Power      Damage    Failure   Level
a - Magic Dart            Conj           28%        1d4       12%         1

Your spell library contained the following spells:

 Spells                   Type           Power      Damage    Failure   Level
 Searing Ray              Conj           14%        2d5       17%         2
 Portal Projectile        Hex/Tloc       14%        N/A       34%         3
 Tukima's Dance           Hex            7%         N/A       34%         3
 Fulminant Prism          Conj/Hex       3%         3d6       75%         4
 Passage of Golubria      Tloc           7%         N/A       75%         4
 Blade Hands              Tmut           3%         N/A       97%         5
 Yara's Violent Unravell  Hex/Tmut       3%         3d4       97%         5


Dungeon Overview and Level Annotations

Branches:
Dungeon (6/15)
 Temple: D:4-7

Altars:
Yredelemnul

Shops:
D:1 (   D:5 ?   D:6 ?


Innate Abilities, Weirdness & Mutations

You have very sharp teeth.
Your uncanny sense of smell can sniff out nearby items.
Your experience applies equally to all skills.


Message History

You feel better.
The water moccasin completely misses you.
You closely miss the water moccasin.
You bite the water moccasin, but do no damage.
The water moccasin is moderately wounded.
The water moccasin bites you.
You are poisoned.
The water moccasin poisons you!
You hit the water moccasin.
The water moccasin is heavily wounded.
You feel very sick. The water moccasin closely misses you.
You hit the water moccasin.
The water moccasin is severely wounded.
You feel very sick. The water moccasin bites you.
* * * LOW HITPOINT WARNING * * *
You are lethally poisoned!
The water moccasin poisons you! The water moccasin closely misses you.
You closely miss the water moccasin.
The water moccasin is heavily wounded.
* * * LOW HITPOINT WARNING * * *
You feel very sick. The water moccasin bites you.
* * * LOW HITPOINT WARNING * * *
Okay, then.
You hit the water moccasin.
The water moccasin is severely wounded.
* * * LOW HITPOINT WARNING * * *
You feel very sick. The water moccasin closely misses you.
You closely miss the water moccasin.
The water moccasin is severely wounded.
* * * LOW HITPOINT WARNING * * *
You feel very sick.
The water moccasin bites you but does no damage.
You hit the water moccasin but do no damage.
Your bite misses the water moccasin.
The water moccasin is severely wounded.
You die...

### #.. #.# # ##########'# #
#........... ##################
#...........
#..............[@#####...........
####'#.#########S#...............
....##'## ######.#.#######'######
....#...###...##...# #.#
....#...#.#...##...# #####.#####
....#...'.'...##.#.# #...'.'...#
....#...#.#...##.#.# #.###.###.#
###.#...###...##.#.# #.# #.# #.#
#.########'###.#.###'###.###'##


You could see a water moccasin.

Vanquished Creatures
  A black bear (D:4)
  2 ogres
  A necrophage (D:3)
  4 scorpions
  A wight (D:5)
  2 vampire bats (D:5)
  A hound (D:5)
  3 jellies (D:5)
  An orc priest (D:4)
  An orc wizard (D:4)
  Robin (D:4)
  4 adders
  2 worms
  A dart slug (D:2)
  4 orcs
  5 ball pythons
  13 bats
  8 endoplasms
  6 giant cockroaches
  13 goblins
  5 hobgoblins
  3 jackals (D:1)
  9 kobolds
  3 quokkas
  2 frilled lizards (D:1)
  3 rats
99 creatures vanquished.

Vanquished Creatures (others)
  4 plants (D:4)
4 creatures vanquished.

Grand Total: 103 creatures vanquished

Notes
Turn   | Place    | Note
-------+----------+-------------------------------------------
     0 | D:5      | Reached skill level 9 in Stealth
     0 | D:5      | inmateoo the Gnoll Delver began the quest for the Orb.
     0 | D:5      | Reached XP level 1. HP: 23/23 MP: 1/1
   192 | D:5      | Reached XP level 2. HP: 15/29 MP: 2/2
   613 | D:4      | Noticed a scorpion
   673 | D:1      | Learned a level 1 spell: Magic Dart
   689 | D:1      | Found Tantoc's Weapon Emporium.
   870 | D:1      | Reached XP level 3. HP: 33/35 MP: 3/3
  1000 | D:1      | Reached skill level 1 in Invocations
  1632 | D:2      | Reached skill level 1 in Short Blades
  1632 | D:2      | Reached skill level 1 in Long Blades
  1632 | D:2      | Reached skill level 1 in Axes
  1632 | D:2      | Reached skill level 1 in Maces & Flails
  1632 | D:2      | Reached skill level 1 in Polearms
  1632 | D:2      | Reached skill level 1 in Staves
  1632 | D:2      | Reached skill level 1 in Ranged Weapons
  1632 | D:2      | Reached skill level 1 in Throwing
  1632 | D:2      | Reached skill level 1 in Armour
  1632 | D:2      | Reached skill level 1 in Shields
  1632 | D:2      | Reached skill level 1 in Spellcasting
  1632 | D:2      | Reached skill level 1 in Evocations
  2007 | D:2      | Reached XP level 4. HP: 41/41 MP: 5/5
  2042 | D:2      | Found a faded altar of an unknown god.
  2867 | D:3      | Reached skill level 1 in Conjurations
  2867 | D:3      | Reached skill level 1 in Hexes
  2867 | D:3      | Reached skill level 1 in Summonings
  2867 | D:3      | Reached skill level 1 in Necromancy
  2867 | D:3      | Reached skill level 1 in Translocations
  2867 | D:3      | Reached skill level 1 in Transmutations
  2867 | D:3      | Reached skill level 1 in Fire Magic
  2867 | D:3      | Reached skill level 1 in Ice Magic
  2867 | D:3      | Reached skill level 1 in Air Magic
  2867 | D:3      | Reached skill level 1 in Earth Magic
  2867 | D:3      | Reached skill level 1 in Poison Magic
  3097 | D:3      | Found a basalt altar of Yredelemnul.
  3774 | D:4      | HP: 2/41 [scorpion (1)]
  3778 | D:4      | Killed a scorpion
  3779 | D:4      | Reached XP level 5. HP: 33/47 MP: 5/7
  3791 | D:4      | Noticed a black bear
  4191 | D:4      | Noticed an ogre
  4193 | D:4      | Noticed Robin
  4216 | D:4      | Killed an ogre
  4217 | D:4      | Reached XP level 6. HP: 52/53 MP: 8/8
  4237 | D:4      | Killed Robin
  4238 | D:4      | Reached skill level 5 in Dodging
  4238 | D:4      | Reached skill level 5 in Unarmed Combat
  4688 | D:3      | Reached XP level 7. HP: 7/60 MP: 10/10
  5191 | D:5      | Reached skill level 10 in Stealth
  5826 | D:5      | Reached XP level 8. HP: 67/67 MP: 12/12
  6276 | D:6      | Found Sitiodir's Magic Scroll Boutique.
  6489 | D:5      | HP: 2/63 [poisoned by a water moccasin]
  6490 | D:5      | Succumbed to a water moccasin's poison

Illustrated notes

Levels and vault maps discovered:
D:1:      minmay_arrival_radiant_lines, layout_basic, serial_corexii_hall,
          chequers_hall_statues_y, chequers_hall_statues_y,
          corexii_hall_statues_x, serial_shops,
          nicolae_shop_bloodbath_and_beyond, serial_bayou_pond_e, nrook_uturn
D:2:      layout_loops_ring, basic_ecumenical_altar
D:3:      layout_basic, mainiacjoe_overflow_24_doors
D:4:      layout_rooms, serial_bayou, serial_bayou_crossing,
          serial_bayou_shore_b, serial_bayou_pond_a, serial_bayou_shore_a,
          minmay_misc_feat_alley, uniq_robin
D:5:      layout_basic, grunt_ministairs_6, minmay_door_square,
          nicolae_zen_rock_garden, hangedman_abyss_or_decor_lesser_grid,
          minivault_5, minmay_misc_feat_plants, grunt_decor_one_mirror,
          roderic_batcave
D:6:      kennysheep_housing_project, layout_loops_ring,
          grunt_temple_overflow_growth_and_decay, evilmike_ruin_ashenzari,
          minmay_temple_entry_mist, serial_shops, nicolae_stop_n_shop_1, shop,
          nicolae_shop_statue_plus, nicolae_inconvenience_store

Skill      XL: |  1  2  3  4  5  6  7 |
---------------+----------------------+-----
Stealth        | 10 | 10.1
Invocations    | 1 2 3 |  3.5
Short Blades   | 1 2 3 |  3.2
Long Blades    | 1 2 3 |  3.2
Axes           | 1 2 3 |  3.2
Maces & Flails | 1 2 3 |  3.2
Polearms       | 1 2 3 |  3.2
Staves         | 1 2 3 |  3.2
Ranged Weapons | 1 2 3 |  3.2
Throwing       | 1 2 3 |  3.2
Armour         | 1 2 3 |  3.2
Shields        | 1 2 3 |  3.2
Spellcasting   | 1 2 3 |  3.2
Evocations     | 1 2 3 |  3.2
Conjurations   | 1 2 |  2.6
Hexes          | 1 2 |  2.6
Summonings     | 1 2 |  2.6
Necromancy     | 1 2 |  2.6
Translocations | 1 2 |  2.6
Transmutations | 1 2 |  2.6
Fire Magic     | 1 2 |  2.6
Ice Magic      | 1 2 |  2.6
Air Magic      | 1 2 |  2.6
Earth Magic    | 1 2 |  2.6
Poison Magic   | 1 2 |  2.6
Dodging        | 5 |  5.6
Unarmed Combat | 5 |  5.6
Fighting       | 7 |  7.3

Action                   |  1- 3 |  4- 6 |  7- 9 || total
-------------------------+-------+-------+-------++-------
Melee: Unarmed           |    42 |   206 |    82 ||   330
       Bite              |     6 |    15 |     7 ||    28
       Short sword       |    34 |       |       ||    34
       Punch             |     1 |     8 |     1 ||    10
Throw: Boomerang         |       |       |    33 ||    33
 Cast: Magic Dart        |       |     1 |       ||     1
  Use: Scroll            |     8 |     3 |     2 ||    13
       Potion            |     1 |     8 |     1 ||    10
 Stab: Sleeping          |    15 |    10 |     2 ||    27
Armor: Leather armour    |    13 |    25 |    39 ||    77
       Skin              |       |    25 |       ||    25
Dodge: Dodged            |    41 |    75 |    80 ||   196

Table legend: (Time is in decaauts)
 A = Elapsed time spent in this place.
 B = Non-inter-level travel time spent in this place.
 C = Inter-level travel time spent in this place.
 D = Time resting spent in this place.
 E = Time spent auto-exploring this place.
 F = Levels seen in this place.
 G = Mean time per level.
                   A        B        C        D        E       F      G
               +--------+--------+--------+--------+--------+-----+--------+
         Total |   6488 |   6316 |    172 |   2405 |   2741 |   6 | 1081.3 |
       Dungeon |   6488 |   6316 |    172 |   2405 |   2741 |   6 | 1081.3 |
               +--------+--------+--------+--------+--------+-----+--------+

Top non-repeatable levels by time:
     D:5: 1922 daAuts
     D:3: 1428 daAuts
     D:2: 1137 daAuts
     D:4: 1026 daAuts
     D:1: 956 daAuts
     D:6: 17 daAuts
